AoeStats
← Kant be real

Black Forest

510384691Analyzed
4v4 RM · 9h ago on Sep 30, 2026· 22m 36s· 8 players
Game mode
Random Map
Map size
Large (8 player)
Population
200
Speed
Normal
Resources
Standard
Victory
Conquest
Starting age
Dark Age
Ending age
Imperial Age
RankedLock teamsTeams togetherTeam positionsShared explorationLock speedFull tech treeHidden civsTurbo modeCheats
Victory
Defeat
🇵🇱 Dravidians · Poland
1679
+12
🇬🇧 Maya · United Kingdom
1591
+15
🇦🇷 Vietnamese · Argentina
1563
+17
🇭🇺 Poles · Hungary
1529
+18
🇲🇦 Chinese · Morocco
1817
-25
🇫🇷 Khitans · France
1613
-17
🇫🇷 Saracens · France
1479
-11
🇫🇷 Hindustanis · France
1414
-9
Kant be real
0:26 Loom
10:43 Feudal Age
10:48 Man-at-Arms
15:16 Double-Bit Axe
19:57 Wheelbarrow
24:03 Castle Age
22:55 Fletching
ForeveR
10:48 Feudal Age
14:53 Castle Age
13:12 Horse Collar
13:20 Double-Bit Axe
14:06 Loom
15:47 Bow Saw
15:39 Heavy Plow
19:13 Pikeman
DraveczB
11:05 Feudal Age
15:50 Castle Age
14:05 Horse Collar
14:15 Double-Bit Axe
14:51 Horse Collar
15:17 Loom
18:29 Wheelbarrow
21:26 Heavy Plow
21:47 Bow Saw
leaftopjo
0:30 Loom
12:31 Feudal Age
16:57 Castle Age
18:05 Double-Bit Axe
20:57 Fletching
Le mouch
3:42 Loom
9:19 Feudal Age
9:49 Double-Bit Axe
10:54 Domestication
16:02 Forging
16:50 Scale Barding Armor
19:51 Wheelbarrow
23:36 Castle Age
KissBB
0:30 Loom
11:48 Feudal Age
13:04 Double-Bit Axe
15:30 Castle Age
15:37 Horse Collar
15:52 Fletching
18:20 Bow Saw
20:53 Bodkin Arrow
Pyrrhus Ist
0:56 Loom
11:48 Feudal Age
14:41 Fletching
18:53 Horse Collar
19:02 Double-Bit Axe
RaWo
0:27 Loom
12:36 Feudal Age
13:20 Double-Bit Axe
15:32 Fletching
20:35 Castle Age
21:54 Bodkin Arrow
23:05 Bow Saw
Connection lost

Rejoining the realm…

Still unreachable

The connection could not be restored.

Session expired

The server has moved on; the page needs a fresh start.